 Dungeon Sprint DCSS version 0.23.0-38-g208d714 (webtiles) character file.

Game seed: 17296434903433208701

0 Fang the Skirmisher (level 1, -1/21 HPs)
             Began as a Gargoyle Berserker on Feb 27, 2019.
             Was a Follower of Trog.
             Slain by Sigmund
             ... wielding a +0 scythe
              (8 damage)
             ... in the Dungeon (Sprint VI: "Thunderdome").
             The game lasted 00:00:12 (20 turns).

Fang the Skirmisher (Gargoyle Berserker)              Turns: 20, Time: 00:00:12

Health: -1/21      AC:  4    Str: 25    XL:     1   Next: 20%
Magic:  1/1        EV: 12    Int:  7    God:    Trog [*.....]
Gold:   200        SH:  0    Dex:  9    Spells: 0/0 levels left

rFire    . . .     SeeInvis .   a - +0 hand axe
rCold    . . .     Gourm    .   (no shield)
rNeg     + . .     Faith    .   b - +0 animal skin
rPois    ∞         Spirit   .   (no helmet)
rElec    +         Reflect  .   (no cloak)
rCorr    .         Harm     .   (no gloves)
MR       .....     NoTele   +   (no boots)
Stlth    ..........             (no amulet)
HPRegen  0.07/turn              (no ring)
MPRegen  0.07/turn              (no ring)

@: berserking (expiring), very quick
A: negative energy resistance 1, electricity resistance, unbreathing,
petrification resistance, rot immunity, AC +2
a: Berserk, Renounce Religion


You were in the Dungeon.
You worshipped Trog.
Trog was aware of your devotion.
You were not hungry.

You visited 1 branch You collected 200 gold pieces.

Inventory:

Hand Weapons
 a - a +0 hand axe (weapon)
Armour
 b - a +0 animal skin (worn)
Wands
 k - a wand of acid (5)
 l - a wand of iceblast (5)
Scrolls
 i - 4 scrolls of blinking
 m - 3 scrolls of fog
Potions
 d - a potion of curing
 e - 4 potions of heal wounds
 f - 4 potions of haste
 g - 2 potions of magic
 h - a potion of berserk rage
 j - a potion of resistance
Comestibles
 c - a ration


   Skills:
 + Level 3.5 Fighting
 + Level 2.8 Axes
 + Level 2.5 Armour
 + Level 1.8 Dodging


You couldn't memorise any spells.
You didn't know any spells.
Your spell library was empty.

Dungeon Overview and Level Annotations

Branches:
Dungeon (1/1)

Altars:
Dithmenos
Ru
Uskayaw
Vehumet
The Shining One
Jiyva

Shops:
D ??:(

Annotations:
D Sigmund


Innate Abilities, Weirdness & Mutations

You are resistant to torment.
Your stone body is resilient. (AC +2)
You are immune to poison.
You resist negative energy. (rN+)
You are resistant to electric shocks. (rElec)
You can survive without breathing.
You are immune to petrification.
You are immune to rotting.


Message History

You are too injured to fight recklessly!
You are too injured to fight recklessly!
You escape the ball python's grasp.
The ball python barely misses you. The ball python grabs you.
The ball python constricts you.
You barely miss the ball python. The ball python barely misses you.
The ball python constricts you.
A red film seems to cover your vision as you go berserk!
You feel yourself moving faster!
You feel mighty!
You feel a lot more hungry. The ball python barely misses you.
The ball python constricts you. Sigmund closely misses you.
You slash the ball python!
You kill the ball python!
Trog accepts your kill.
You swing at nothing.
Sigmund hits you but does no damage.
You swing at nothing.
You feel a strong urge to attack something.
An ogre comes into view. It is wielding a +0 giant club.
You swing at nothing.
Sigmund hits you from afar with a +0 scythe!
You die...

##### ##⌠⌠⌠##
#.....# ##.....##
##∩.....∩##
#∩....@..∩#
#_....†...#
#_....@.._#
#_......._#
###.........###
#⌠...........⌠#
#.8.........8.###
.O....###......_.
....8. #.8......
......###........
.# #...###.....


You could see Sigmund and an ogre.

Vanquished Creatures
  A ball python (D)
1 creature vanquished.

Notes
Turn   | Place    | Note
-------+----------+-------------------------------------------
     0 | D        | Fang the Gargoyle Berserker began the quest for the Orb.
     0 | D        | Reached XP level 1. HP: 14/14 MP: 1/1
     4 | D        | Found a radiant altar of Vehumet.
     4 | D        | Found a shadowy altar of Dithmenos.
     5 | D        | Found a viscous altar of Jiyva.
     5 | D        | Round 1.
     6 | D        | Found a hide-covered altar of Uskayaw.
     7 | D        | Found a sacrificial altar of Ru.
     7 | D        | Found a glowing golden altar of the Shining One.
     7 | D        | Found Her Ytee's Staff Store.
     7 | D        | Found Nuafeph's Magic Scroll Shop.
     8 | D        | Found Puzapif's Must-Have Magic.
     8 | D        | Found Ozalen's Magic Scroll Shop.
    11 | D        | Noticed Sigmund
    19 | D        | Noticed an ogre
    20 | D        | Slain by Sigmund

Action                   || total
-------------------------++-------
Melee: Hand axe          ||     3
Invok: Berserk           ||     1
Armor: Animal skin       ||     1
Dodge: Dodged            ||     7
